 Dungeon Crawl Stone Soup version 0.30-a0-782-ge64f9170bb (console) character file.

Game seed: 285289000084021284

3202 Banquo the Thaumaturge (level 10, 0/75 HPs)
             Began as a Djinni Air Elementalist on Feb 17, 2023.
             Was a Believer of Ashenzari.
             Slain by a human
             ... wielding a +0 war axe
              (14 damage)
             ... in a bailey on Feb 18, 2023.
             The game lasted 00:30:41 (8100 turns).

Banquo the Thaumaturge (Djinni Air Elementalist)    Turns: 8100, Time: 00:30:42

Health: 0/75       AC:  4    Str:  7    XL:     10   Next: 17%
Gold:   297        EV: 14    Int: 21    God:    Ashenzari [**....] SH:  0 Dex: 14

rFire   + + .      SeeInvis +    a - +1 dagger (freeze)
rCold   . . .      Faith    +    (no shield)
rNeg    . . .      Spirit   .    c - +0 robe "Unveiling Servitude" {Cun, Range} (curse)
rPois   ∞          Reflect  .    h - +1 helmet
rElec   .          Harm     .    (no cloak)
rCorr   .          Rampage  .    (no gloves)
Will    +....                    (boots unavailable)
Stlth   ++                       k - amulet of Apeoromancy {Faith, Evo, Fort} (curse)
HPRegen 0.32/turn                C - ring of Ashenzari's Gnosis {rC+, Fort, Self} (curse)
MPRegen 0.00/turn                s - ring of flight

@: flying, invisible
A: sickness immunity, fire resistance 2, cold vulnerability 1, float, innate
caster, HP casting, extra vitality 1
a: Renounce Religion, Curse Item, Shatter the Chains


You were in a bailey.
You worshipped Ashenzari.
Ashenzari was pleased with you.
You visited 2 branches of the dungeon, and saw 9 of its levels.
You also visited: Ossuary and Bailey.

You collected 556 gold pieces.
You spent 259 gold pieces at shops.

Inventory:

Hand Weapons
 a - a +1 dagger of freezing (weapon)
 g - a +1 antimagic dagger
 y - a +0 war axe
 G - a +2 heavy flail
 K - a +2 shortbow of freezing
Armour
 c - the cursed +0 robe "Unveiling Servitude" (worn) {Cun, Range}

   It has a curse which improves the following skills: Cunning: Dodging and
   Stealth.
   Ranged Combat: Ranged Weapons and Throwing.
 h - a +1 helmet (worn)
 F - a +0 ring mail of willpower
Magical Staves
 b - a staff of cold
 H - a staff of poison
Jewellery
 k - the cursed amulet of Apeoromancy (around neck) {Faith, Evo, Fort}
   (You found it on level 3 of the Dungeon)

   [amulet of faith]

   It allows you to gain divine favour quickly.
   It has a curse which improves the following skills: Evocations: Evocations.
   Fortitude: Armour and Shields.
 s - a ring of flight (right hand)
 C - the cursed ring of Ashenzari's Gnosis (left hand) {rC+, Fort, Self}
   (You found it on level 5 of the Dungeon)

   [ring of protection from cold]

   rC:        It protects you from cold.
   It has a curse which improves the following skills: Fortitude: Armour and
   Shields.
   Introspection: Fighting and Spellcasting.
 J - a +6 ring of dexterity
Wands
 D - a wand of mindburst (17)
 E - a wand of flame (32)
 I - a wand of iceblast (6)
Scrolls
 d - 2 scrolls of teleportation
 i - 2 scrolls of fog
 j - 2 scrolls of immolation
 l - 3 scrolls of blinking
 m - 2 scrolls of magic mapping
 o - 2 scrolls of silence
 r - 2 scrolls of enchant weapon
 u - a scroll of acquirement
 w - a scroll of poison
 A - 3 scrolls of brand weapon
 B - a scroll of fear
Potions
 e - 5 potions of lignification
 f - 3 potions of cancellation
 n - 2 potions of curing
 p - 2 potions of invisibility
 q - 5 potions of haste
 t - 5 potions of might
 v - 3 potions of heal wounds
 x - a potion of brilliance
 z - 2 potions of mutation


   Skills:
 * Level 5.8(7.0) Fighting
 * Level 4.5(5.7) Dodging
 - Level 1.5(2.4) Stealth
 + Level 9.4(10.6) Spellcasting


You had 11 spell levels left.
You knew the following spells:

 Your Spells              Type           Power      Damage    Failure   Level
a - Shock                 Conj/Air       100%       1d9       1%          1
d - Static Discharge      Conj/Air       100%       2-7/arc   1%          2
e - Sandblast             Erth           100%       2d20      1%          1
g - Summon Guardian Gole  Hex/Summ       54%        N/A       1%          3
p - Ignite Poison         Fire/Tmut/Pois 54%        N/A       1%          3
z - Airstrike             Air            27%        2d(4-20)  1%          4
B - Blink                 Tloc           100%       N/A       1%          2
M - Swiftness             Air            54%        N/A       1%          3
Your spell library was empty.

Dungeon Overview and Level Annotations

Branches:
Dungeon (8/15)             Temple (1/1) D:4         Ossuary (visited)
 Bailey (1/1)
   Lair: D:8-11

Altars:
Ashenzari
Dithmenos
Elyvilon
Fedhas
Hepliaklqana
Makhleb
Okawaru
Ru
Uskayaw
Wu Jian
Zin
The Shining One

Shops:
D:4 ?

Annotations:
D:3 Sigmund
D:5 3 runed translucent doors, TryHard88's ghost, novice FoFi
D:7 2 transporters, CoinPitGoblin's ghost, novice BaHu


Innate Abilities, Weirdness & Mutations

You are immune to sickness and miasma.
You are immune to poison.
Your flesh is very heat resistant. (rF++)
You are vulnerable to cold. (rC-)
You float through the air rather than walking.
You learn spells naturally, not from books.
Your magical power is your life essence.
You have superior vitality. (+4 MHP)


Message History

Your guardian golem disappears in a puff of smoke!
Your guardian golem explodes!
The fiery explosion engulfs the human!!
The human dies!
The fiery explosion engulfs the human!!
The human dies!
You hear a croak.
You hear a loud, deep croak!
You hear a shout!
You start resting.
A bullfrog comes into view.
You reach down and close the door, pushing everything out of the way.
A human opens the door.
A gnoll comes into view. It is wielding a +0 hand axe.
There is a gate leading back out of this place here.
Unknown command.
Casting: Shock (safe; 1% risk of failure)
Confirm with . or Enter, or press ? or * to list all spells.
A guardian golem appears, shielding your allies.
* * * LOW HITPOINT WARNING * * *
Aiming: Airstrike (dangerous; 1% risk of failure)
Press: ? - help, Q - select action, (/) - cycle Dir - move target, f - human
Aim: a human, wielding a +0 war axe and wearing a +0 ring mail (wandering, unable to see you, ally target, hasn't noticed you, empty space bonus: 3/8)
The air twists around and strikes the human!
The human is moderately wounded.
* * * LOW HITPOINT WARNING * * *
A bullfrog comes into view.
Aiming: Airstrike (dangerous; 1% risk of failure)
Press: ? - help, Q - select action, (/) - cycle Dir - move target, f/p - human
Aim: a human, wielding a +0 war axe and wearing a +0 ring mail (moderately wounded, unable to see you, ally target, empty space bonus: 5/8)
The air twists around and strikes the human.
The human is moderately wounded.
* * * LOW HITPOINT WARNING * * *
You hit the human. You freeze the human.
The human is heavily wounded.
The human closely misses you.
The human hits your guardian golem with a +0 war axe.
You hit the human but do no damage.
The human is heavily wounded.
The bullfrog hits your guardian golem but does no damage.
The human hits you with a +0 war axe!
You die...

~~ ~ , , , ,
, ,, ~ ~ , ,
####* #####
,..... ~
##..)##§§)...
~
#..@p.+)☼).#
~
#...9F######
#..∩..g~~ * *
##...##~~~~
##### ~~~ * ~
~~ ~# , * * *
* *


You could see a human (unable to see you, ally target), a bullfrog (unable to
see you), a gnoll (unable to see you) and a friendly guardian golem (summoned).

Vanquished Creatures
  Pikel (D:8)
  A human (Bailey)
  2 ogres
  3 centaurs (D:7)
  A kobold brigand (D:7)
  2 phantoms
  A bullfrog (D:6)
  5 scorpions
  A necrophage (D:4)
  3 killer bees (D:7)
  2 hounds (D:6)
  5 orc priests
  2 jellies
  Jessica (D:2)
  4 iguanas
  2 orc wizards
  Natasha (D:3)
  8 mummies (Ossuary)
  6 gnolls
  5 adders
  2 ufetubi
  A worm (D:2)
  3 dart slugs
  20 orcs
  8 ball pythons
  5 bats
  4 endoplasms
  2 giant cockroaches (D:4)
  A gnoll zombie (Ossuary)
  14 goblins
  3 hobgoblins (D:4)
  6 quokkas
  4 frilled lizards
  4 hobgoblin zombies (Ossuary)
  13 kobolds
  3 orc zombies (Ossuary)
  5 rats
154 creatures vanquished.

Vanquished Creatures (others)
  3 humans (Bailey)
  2 ogres
  A bullfrog (D:6)
  3 plants (D:1)
9 creatures vanquished.

Grand Total: 163 creatures vanquished

Notes
Turn   | Place    | Note
-------+----------+-------------------------------------------
     0 | D:1      | Banquo the Djinni Air Elementalist began the quest for the
                  | Orb.
     0 | D:1      | Banquo set off with the following spells memorised: Shock,
                  | Static Discharge, Swiftness, Airstrike.
     0 | D:1      | Reached XP level 1. HP: 15/15 MP: 0/0
   159 | D:1      | Reached XP level 2. HP: 19/22 MP: 0/0
   546 | D:1      | Reached skill level 3 in Spellcasting
   579 | D:1      | Reached XP level 3. HP: 24/26 MP: 0/0
   579 | D:1      | Learned a level 1 spell: Sandblast
   622 | D:1      | Reached skill level 1 in Fighting
   923 | D:2      | Noticed Jessica
   928 | D:2      | Killed Jessica
   929 | D:2      | Reached XP level 4. HP: 26/32 MP: 0/0
  1946 | D:3      | Reached skill level 4 in Spellcasting
  1946 | D:3      | Reached XP level 5. HP: 30/38 MP: 0/0
  1946 | D:3      | Learned a level 2 spell: Blink
  2117 | D:3      | Noticed Natasha
  2123 | D:3      | Killed Natasha
  2161 | D:3      | Noticed Sigmund
  2382 | D:3      | Reached XP level 6. HP: 43/43 MP: 0/0
  2593 | D:4      | Found Qim Kod's Magic Scroll Shop.
  2603 | D:4      | Bought a scroll of teleportation for 39 gold pieces
  2603 | D:4      | Bought a scroll of identify for 26 gold pieces
  2702 | D:4      | Found a sand-covered staircase.
  2708 | Ossuary  | Entered an ossuary
  2799 | Ossuary  | Reached skill level 5 in Spellcasting
  3031 | Ossuary  | Reached XP level 7. HP: 40/49 MP: 0/0
  3031 | Ossuary  | Learned a level 3 spell: Summon Guardian Golem
  3272 | D:4      | Found a staircase to the Ecumenical Temple.
  3294 | Temple   | Entered the Ecumenical Temple
  3299 | Temple   | Became a worshipper of Ashenzari the Shackled
  3816 | D:4      | Bought a scroll of magic mapping for 97 gold pieces
  3816 | D:4      | Bought a scroll of blinking for 97 gold pieces
  3819 | D:5      | Entered Level 5 of the Dungeon
  3874 | D:5      | Found a runed translucent gate.
  3875 | D:5      | Found a runed translucent gate.
  3876 | D:5      | Found a runed translucent gate.
  3876 | D:5      | Noticed TryHard88's ghost (novice FoFi)
  4192 | D:5      | Reached skill level 6 in Spellcasting
  4192 | D:5      | Reached XP level 8. HP: 34/56 MP: 0/0
  4495 | D:5      | Found a hide-covered altar of Uskayaw.
  5374 | D:6      | Reached skill level 7 in Spellcasting
  5543 | D:6      | Reached * piety under Ashenzari
  5543 | D:6      | Identified a scroll of acquirement
  5739 | D:6      | Reached XP level 9. HP: 58/63 MP: 0/0
  5739 | D:6      | Learned a level 3 spell: Ignite Poison
  5768 | D:6      | Found a burning altar of Makhleb.
  6320 | D:6      | Reached ** piety under Ashenzari
  6362 | D:7      | Reached skill level 8 in Spellcasting
  6666 | D:7      | Noticed a manticore
  6799 | D:7      | Reached skill level 5 in Fighting
  7403 | D:7      | Found a transporter.
  7432 | D:7      | Found a glowing silver altar of Zin.
  7681 | D:7      | Found an iron altar of Okawaru.
  7689 | D:7      | Found an ornate altar of the Wu Jian Council.
  7691 | D:7      | Found a white marble altar of Elyvilon.
  7693 | D:7      | Found a shadowy altar of Dithmenos.
  7829 | D:7      | Noticed CoinPitGoblin's ghost (novice BaHu)
  7829 | D:7      | Identified the ring "Dudatog" {Will+ SInv}
  7832 | D:7      | Noticed a moth of wrath
  7861 | D:7      | Found a transporter.
  7942 | D:8      | Noticed Pikel
  7949 | D:8      | Killed Pikel
  8007 | D:8      | Found a flagged portal.
  8055 | Bailey   | Entered a bailey
  8073 | Bailey   | Reached skill level 9 in Spellcasting
  8073 | Bailey   | Reached XP level 10. HP: 53/73 MP: 0/0
  8100 | Bailey   | Slain by a human

Illustrated notes

Levels and vault maps discovered:
D:1:      lightli_arrival_chessboard, layout_loops_ring,
          minmay_misc_feat_pillars, serial_bayou_ford_a, minivault_11
D:2:      kennysheep_big_flooded_room, layout_basic, uniq_jessica
D:3:      layout_basic, uniq_sigmund, uniq_natasha
D:4:      layout_basic, temple_pool_b, nicolae_ossuary_entry_monument,
          serial_shops, nicolae_stop_n_shop_2, kennysheep_potato
D:5:      layout_basic, lemuel_tele_altar, gammafunk_ghost_nasty_kobolds
D:6:      nicolae_cairo_tiling, layout_basic,
          mainiacjoe_overflow_concentric_impassable, minmay_starry_boxes
D:7:      layout_basic, mainiacjoe_overflow_alcove_4,
          chequers_temple_overflow_minitemple, gammafunk_ghost_berserking_beasts
D:8:      layout_rooms, mainiacjoe_overflow_alcove_1,
          nemelex_spade_bored_becter, enter_bailey_3, minmay_radiant,
          uniq_maurice, uniq_pikel
Temple:   hellmonk_temple_micro_hex
Bailey:   bailey_axe_froggy_fort_hellmonk, bailey

Skill      XL: |  1  2  3  4  5  6  7  8  9 |
---------------+----------------------------+-----
Spellcasting   | 3 4 5 6 7 9 |  9.4
Fighting       | 1 2 3 4 5 |  5.8
Dodging        | 4 |  4.5
Stealth        | |  1.5

Action                     |  1- 3 |  4- 6 |  7- 9 | 10-12 || total
---------------------------+-------+-------+-------+-------++-------
  Melee: Staff             |       |     4 |     2 |       ||     6
         Dagger            |       |       |     4 |     2 ||     6
   Cast: Shock             |    54 |   129 |   134 |     6 ||   323
         Static Discharge  |       |     5 |     7 |       ||    12
         Sandblast         |       |     2 |       |       ||     2
         Airstrike         |       |       |    63 |     9 ||    72
         Summon Guardian G |       |       |    17 |     2 ||    19
 Invoke: Curse Item        |       |       |     3 |       ||     3
    Use: Scroll            |       |     5 |     4 |       ||     9
         Potion            |       |       |     1 |       ||     1
   Stab: Invisible         |       |       |     1 |       ||     1
 Armour: Robe              |       |       |     4 |       ||     4
  Dodge: Dodged            |     3 |     9 |    14 |     1 ||    27

Table legend: (Time is in decaauts)
 A = Elapsed time spent in this place.
 B = Non-inter-level travel time spent in this place.
 C = Inter-level travel time spent in this place.
 D = Time resting spent in this place.
 E = Time spent auto-exploring this place.
 F = Levels seen in this place.
 G = Mean time per level.
                   A        B        C        D        E       F      G
               +--------+--------+--------+--------+--------+-----+--------+
         Total |   8102 |   7387 |    715 |    932 |   4731 |  11 |  736.5 |
       Dungeon |   7509 |   6794 |    715 |    664 |   4590 |   8 |  938.6 |
        Temple |     10 |     10 |      0 |      0 |      0 |   1 |   10.0 |
       Ossuary |    537 |    537 |      0 |    265 |    141 |   1 |  537.0 |
        Bailey |     44 |     44 |      0 |      3 |      0 |   1 |   44.0 |
               +--------+--------+--------+--------+--------+-----+--------+

Top non-repeatable levels by time:
     D:7: 1483 daAuts
     D:6: 1429 daAuts
     D:5: 1190 daAuts
     D:1: 910 daAuts
     D:2: 905 daAuts
     D:3: 742 daAuts
     D:4: 735 daAuts
 Ossuary: 537 daAuts
     D:8: 112 daAuts
  Bailey: 44 daAuts
  Temple: 10 daAuts
